 Dungeon Crawl Stone Soup version 0.31-a0-188-g5e087ee2ca (webtiles) character file.

Game seed: 17153864142242222822

52 qw the Shooter (level 3, -2/20 HPs)
             Began as a Deep Elf Hunter on June 23, 2023.
             Slain by Terence
             ... wielding a +2 hand axe of electrocution
              (14 damage)
             ... on level 3 of the Dungeon.
             The game lasted 00:00:36 (1484 turns).

qw the Shooter (Deep Elf Hunter)                    Turns: 1484, Time: 00:00:37

Health: -2/20      AC:  6    Str:  7 (10) XL:     3   Next: 60%
Magic:  5/5        EV: 10    Int: 12 (13) God:
Gold:   100        SH:  0    Dex: 16 (18) Spells: 2/2 levels left

rFire   . . .        Y - +0 shortbow
rCold   . . .        (shield currently unavailable)
rNeg    . . .        h - +1 ring mail
rPois   .            (no helmet)
rElec   .            (no cloak)
rCorr   .            (no gloves)
SInv    .            (no boots)
Will    .....        (no amulet)
Stlth   +            (no ring)
HPRegen 0.23/turn    (no ring)
MPRegen 0.09/turn

%: no passive effects
@: no status effects
A: no striking features
a: no special abilities


You were on level 3 of the Dungeon.
You visited 1 branch of the dungeon, and saw 3 of its levels.

You collected 100 gold pieces.


   Skills:
 - Level 1.5 Fighting
 + Level 7.1 Ranged Weapons
 - Level 2.4 Dodging
 - Level 1.2 Stealth


You had 2 spell levels left.
You didn't know any spells.
Your spell library was empty.

Inventory:

Hand Weapons
 Y - a +0 shortbow (weapon)
Armour
 h - a +1 ring mail (worn)
Potions
 d - a potion of lignification {unknown}
 g - a potion of heal wounds {unknown}
 i - a potion of enlightenment {unknown}

Dungeon Overview and Level Annotations

Branches:
Dungeon (3/15)

Altars:

Annotations:
D:3 Terence


Message History

A goblin comes into view. It is wielding a +0 club.
The hobgoblin hits you but does no damage.
You shoot an arrow. The arrow closely misses the hobgoblin.
The goblin shouts!
You hear a shout!
The goblin completely misses you. The hobgoblin closely misses you.
Terence the Incautious comes into view.
He is wielding a +2 hand axe of electrocution.
You shoot an arrow. The arrow barely misses the hobgoblin.
Terence shouts!
The hobgoblin closely misses you. The goblin hits you but does no damage.
You shoot an arrow. The arrow hits the hobgoblin!
You kill the hobgoblin!
The goblin hits you but does no damage.
You shoot an arrow. The arrow closely misses the goblin.
The goblin hits you but does no damage. x2; The goblin misses you.
The goblin completely misses you.
You shoot an arrow. The arrow misses the goblin.
The goblin hits you with a +0 dagger. The goblin hits you but does no damage.
You shoot an arrow. The arrow hits the goblin.
The goblin is heavily wounded.
The goblin hits you with a +0 dagger. x2
You shoot an arrow. The arrow closely misses the goblin.
The goblin barely misses you. The goblin hits you but does no damage.
You shoot an arrow. The arrow barely misses the goblin.
The goblin hits you but does no damage. The goblin barely misses you. x2
The goblin hits you with a +0 dagger.
You shoot an arrow. The arrow hits the goblin.
You kill the goblin!
The goblin hits you with a +0 dagger.
You shoot an arrow. The arrow barely misses the goblin.
The goblin barely misses you. The goblin closely misses you.
You shoot an arrow. The arrow hits the goblin!
You kill the goblin!
The goblin hits you but does no damage.
You shoot an arrow. The arrow barely misses Terence.
Terence barely misses you. The goblin hits you but does no damage.
Terence hits you with a +2 hand axe of electrocution.
You are electrocuted!
Ouch! That really hurt!
You die...

.## ...
.. ## ..
... .##..
l).
#######@#
#.<...@g#
#.#.....#
#.#<....#
#.#.....#
#.#.....#
#.#.....#
#.#.....#
#.#.....#
#.....#


You could see Terence, a goblin and a frilled lizard.

Vanquished Creatures
  2 worms (D:2)
  An orc (D:2)
  4 ball pythons
  3 endoplasms
  A giant cockroach (D:2)
  5 goblins
  4 hobgoblins
  6 kobolds
  3 quokkas
  5 bats
  A frilled lizard (D:3)
  7 rats
42 creatures vanquished.

Notes
Turn   | Place    | Note
-------+----------+-------------------------------------------
     0 | D:1      | qw the Deep Elf Hunter began the quest for the Orb.
     0 | D:1      | Reached XP level 1. HP: 12/12 MP: 3/3
     0 | D:1      | 0 ||| qw: Version: 0.3-a-9-g12657ce
     0 | D:1      | 0 ||| qw: Game counter: 3608
     0 | D:1      | 0 ||| qw: Always use a shield: true
     0 | D:1      | 0 ||| qw: God list: Okawaru
     0 | D:1      | 0 ||| qw: Allow faded altars: false
     0 | D:1      | 0 ||| qw: Do Orc after D:15 true
     0 | D:1      | 0 ||| qw: Do second Lair branch before Depths: true
     0 | D:1      | 0 ||| qw: Lair rune preference: random
     0 | D:1      | 0 ||| qw: Plans: Normal
     0 | D:1      | 0 ||| PLANNING D:1-11
   180 | D:1      | Reached XP level 2. HP: 15/16 MP: 4/4
   188 | D:1      | Reached skill level 6 in Ranged Weapons
   534 | D:1      | 534 ||| UPGRADING to +0 ring mail.
   544 | D:1      | 544 ||| DROPPING +0 leather armour.
   545 | D:1      | 545 ||| READING scroll labelled LEPYCA KEGRERR.
   546 | D:1      | 546 ||| READING 2 scrolls labelled RISUZI DETTU EGH.
   547 | D:1      | 547 ||| READING scroll of enchant armour.
   547 | D:1      | 547 ||| ENCHANTING +0 ring mail.
   548 | D:1      | 548 ||| DRINKING 2 metallic emerald potions.
   549 | D:1      | 549 ||| DROPPING scroll of butterflies.
   550 | D:1      | 550 ||| DROPPING potion of degeneration.
   552 | D:1      | 552 ||| Stepping ~*~*~tactically~*~*~ (cloud).
   556 | D:1      | HP: 4/16 [poisoned by you (poison gas)]
   560 | D:1      | HP: 1/16 [poisoned by you (poison gas)]
   865 | D:2      | Reached XP level 3. HP: 20/20 MP: 5/5
  1339 | D:2      | Reached skill level 7 in Ranged Weapons
  1443 | D:2      | 1443 ||| READING scroll labelled VEGIOWEZYEDICH.
  1444 | D:2      | 1444 ||| READING scroll labelled SYRODO ZAZAI.
  1473 | D:3      | Noticed Terence
  1484 | D:3      | Slain by Terence

Levels and vault maps discovered:
D:1:      dpeg_arrival_tiny_a, layout_basic, item_on_display_b
D:2:      minmay_inner_zag, layout_basic
D:3:      layout_basic, minmay_between, uniq_terence, uniq_robin

Skill      XL: |  1  2  3 |
---------------+----------+-----
Ranged Weapons | 6 7 |  7.1
Fighting       | |  1.5
Dodging        | |  2.4
Stealth        | |  1.2

Action                     || total
---------------------------++-------
   Fire: Shortbow          ||   120
    Use: Scroll            ||     5
         Potion            ||     1
 Armour: Ring mail         ||    27
  Dodge: Dodged            ||    29

Table legend:
 A = Non-vault XP
 B = Vault XP
 C = Vault XP percentage of total XP
 D = Non-vault monster count
 E = Vault monster count
 F = Vault count percentage of total count
                 A         B        C        D         E       F
            +---------+---------+-------+---------+---------+-------
      Total |      66 |       9 |  12.0 |      37 |       5 |  11.9
            +---------+---------+-------+---------+---------+-------
        D:1 |      29 |       0 |   0.0 |      18 |       0 |   0.0
        D:2 |      30 |       5 |  14.3 |      15 |       3 |  16.7
        D:3 |       7 |       4 |  36.4 |       4 |       2 |  33.3
            +---------+---------+-------+---------+---------+-------
